SA
SYRACUSE STORM @ PHOENIX HOTSPUR U-21
08/11/2025
 
TOP OF THE 1ST
Syracuse Storm batting - Pitching for Phoenix Hotspur U-21 : RHP Loeck Visser
Pitching: RHP Loeck Visser
Batting: RHB Theron Hammond 0-0: Foul Ball, location: 2F
0-1: Foul Ball, location: 2F
0-2: Ball
1-2: Strikes out swinging
Batting: RHB Phil Sherman 0-0: SINGLE (Line Drive, 78M)
Batting: RHB Jim Unknown 0-0: Swinging Strike
0-1: Swinging Strike
0-2: Grounds into double play, 4-6-3 (Groundball, 4)
Top of the 1st over - 0 run(s), 1 hit(s), 0 error(s), 0 left on base; Syracuse 0 - Phoenix 0
BOTTOM OF THE 1ST
Phoenix Hotspur U-21 batting - Pitching for Syracuse Storm : RHP Bob Browning
Pitching: RHP Bob Browning
Batting: RHB Solomon Norment 0-0: Foul Ball, location: 2F
0-1: Ball
1-1: Ball
2-1: Ball
3-1: Called Strike
3-2: Base on Balls
Batting: RHB Germán Alfaro 0-0: Ball
Solomon Norment is caught stealing 2nd base
1-0: Swinging Strike
1-1: Called Strike
1-2: Ball
2-2: Strikes out looking
Batting: LHB Roberto Fierro 0-0: Ball
1-0: Swinging Strike
1-1: Ball
2-1: Foul Ball, location: 2F
2-2: Ground out 3-1 (Groundball, 34D)
Bottom of the 1st over - 0 run(s), 0 hit(s), 0 error(s), 0 left on base; Syracuse 0 - Phoenix 0
TOP OF THE 2ND
Syracuse Storm batting - Pitching for Phoenix Hotspur U-21 : RHP Loeck Visser
Batting: RHB José Costello 0-0: Ball
1-0: Swinging Strike
1-1: Called Strike
1-2: SINGLE (Line Drive, 56)
Batting: RHB Eduardo Santos 0-0: Ball
1-0: Foul Ball, location: 2F
1-1: Ball
2-1: Foul Ball, location: 2F
2-2: Strikes out looking
Batting: RHB Jim Unknown 0-0: Ball
1-0: Ball
2-0: Ball
3-0: Called Strike
3-1: Swinging Strike
3-2: Strikes out swinging
José Costello is caught stealing 2nd base
Batter strikes out.
Top of the 2nd over - 0 run(s), 1 hit(s), 0 error(s), 0 left on base; Syracuse 0 - Phoenix 0
BOTTOM OF THE 2ND
Phoenix Hotspur U-21 batting - Pitching for Syracuse Storm : RHP Bob Browning
Batting: RHB Rubén Andrada 0-0: Ball
1-0: Called Strike
1-1: Swinging Strike
1-2: Foul Ball, location: 2F
1-2: Strikes out swinging
Batting: RHB Hieronymus Bosch 0-0: Ball
1-0: Ball
2-0: Ground out 5-3 (Groundball, 5S)
Batting: RHB Enrico Sánchez 0-0: SINGLE (Groundball, 6MD)
Batting: LHB Tyler Kinjeketile 0-0: Ball
Pickoff Throw to First - Error! E1
Enrico Sánchez to second
1-0: Ball
2-0: Fly out, F6 (Line Drive, 56)
Bottom of the 2nd over - 0 run(s), 1 hit(s), 1 error(s), 1 left on base; Syracuse 0 - Phoenix 0
TOP OF THE 3RD
Syracuse Storm batting - Pitching for Phoenix Hotspur U-21 : RHP Loeck Visser
Batting: SHB Lúcio Gonzáles 0-0: Ball
1-0: Foul Ball, location: 2F
1-1: Ball
2-1: Swinging Strike
2-2: Ball
3-2: Ground out 3-1 (Groundball, 34)
Batting: LHB King Randell 0-0: Ball
1-0: Swinging Strike
1-1: Ball
2-1: Ball
3-1: Fly out, F8 (Flyball, 8LM)
Batting: RHB Tyrell Wellick 0-0: Ball
1-0: Ball
2-0: Ball
3-0: Called Strike
3-1: Base on Balls
Batting: RHB Theron Hammond 0-0: Called Strike
0-1: Called Strike
0-2: Ball
1-2: Ball
2-2: 2-RUN HOME RUN (Flyball, 7D), Distance : 406 ft
Batting: RHB Phil Sherman 0-0: Fly out, F4 (Popup, 34D)
Top of the 3rd over - 2 run(s), 1 hit(s), 0 error(s), 0 left on base; Syracuse 2 - Phoenix 0
BOTTOM OF THE 3RD
Phoenix Hotspur U-21 batting - Pitching for Syracuse Storm : RHP Bob Browning
Batting: RHB Juan Negrete 0-0: Fly out, F8 (Flyball, 8RM)
Batting: RHB Bill Erickson 0-0: Called Strike
0-1: SINGLE (Groundball, 6MD)
Batting: RHB Solomon Norment 0-0: Ball
1-0: Swinging Strike
1-1: Ground out U3 (Groundball, 34)
Bill Erickson to second
Batting: RHB Germán Alfaro 0-0: Fly out, F9 (Flyball, 9S)
Bottom of the 3rd over - 0 run(s), 1 hit(s), 0 error(s), 1 left on base; Syracuse 2 - Phoenix 0
TOP OF THE 4TH
Syracuse Storm batting - Pitching for Phoenix Hotspur U-21 : RHP Loeck Visser
Batting: RHB Jim Unknown 0-0: SINGLE (Line Drive, 89M)
Batting: RHB José Costello 0-0: Ball
1-0: Foul Ball, location: 2F
1-1: Fly out, F6 (Popup, 4MD)
Batting: RHB Eduardo Santos 0-0: Ball
1-0: Fly out, F3 (Popup, 3L)
Batting: RHB Jim Unknown 0-0: Ball
1-0: Ground out 4-3 (Groundball, 4)
Top of the 4th over - 0 run(s), 1 hit(s), 0 error(s), 1 left on base; Syracuse 2 - Phoenix 0
BOTTOM OF THE 4TH
Phoenix Hotspur U-21 batting - Pitching for Syracuse Storm : RHP Bob Browning
Batting: LHB Roberto Fierro 0-0: Ball
1-0: Foul Ball, location: 2F
1-1: Ball
2-1: Ground out 6-3 (Groundball, 6)
Batting: RHB Rubén Andrada 0-0: Ball
1-0: Foul Ball, location: 2F
1-1: Ball
2-1: Foul Ball, location: 2F
2-2: Fly out, F4 (Popup, 4MS)
Batting: RHB Hieronymus Bosch 0-0: Ball
1-0: Ball
2-0: Ball
3-0: Called Strike
3-1: Foul Ball, location: 2F
3-2: Foul Ball, location: 2F
3-2: Fly out, F7 (Flyball, 7)
Bottom of the 4th over - 0 run(s), 0 hit(s), 0 error(s), 0 left on base; Syracuse 2 - Phoenix 0
TOP OF THE 5TH
Syracuse Storm batting - Pitching for Phoenix Hotspur U-21 : RHP Loeck Visser
Batting: SHB Lúcio Gonzáles 0-0: Ball
1-0: Ball
2-0: Ball
3-0: Called Strike
3-1: SINGLE (Groundball, 5S) (infield hit)
Batting: LHB King Randell 0-0: Swinging Strike
0-1: Ball
1-1: Foul Ball, location: 2F
1-2: Strikes out looking
Batting: RHB Tyrell Wellick 0-0: Swinging Strike
0-1: Foul Ball, location: 2F
0-2: Fly out, F5 (Line Drive, 56)
Batting: RHB Theron Hammond 0-0: Ball
1-0: Called Strike
Lúcio Gonzáles is caught stealing 2nd base
Top of the 5th over - 0 run(s), 1 hit(s), 0 error(s), 0 left on base; Syracuse 2 - Phoenix 0
BOTTOM OF THE 5TH
Phoenix Hotspur U-21 batting - Pitching for Syracuse Storm : RHP Bob Browning
Batting: RHB Enrico Sánchez 0-0: Ground out 4-3 (Groundball, 34)
Batting: LHB Tyler Kinjeketile 0-0: Ball
1-0: Called Strike
1-1: Foul Ball, location: 2F
1-2: Ball
2-2: Strikes out swinging, 2-3 out at first.
Batting: RHB Juan Negrete 0-0: SINGLE (Line Drive, 78S)
Batting: RHB Bill Erickson 0-0: Called Strike
Juan Negrete is caught stealing 2nd base
Bottom of the 5th over - 0 run(s), 1 hit(s), 0 error(s), 0 left on base; Syracuse 2 - Phoenix 0
TOP OF THE 6TH
Syracuse Storm batting - Pitching for Phoenix Hotspur U-21 : RHP Loeck Visser
Batting: RHB Theron Hammond 0-0: Called Strike
0-1: Foul Ball, location: 2F
0-2: Foul Ball, location: 2F
0-2: Strikes out swinging
Batting: RHB Phil Sherman 0-0: Foul Ball, location: 2F
0-1: Swinging Strike
0-2: Strikes out swinging
Batting: RHB Jim Unknown 0-0: Ball
1-0: Foul Ball, location: 2F
1-1: Fly out, F8 (Line Drive, 8RM)
Top of the 6th over - 0 run(s), 0 hit(s), 0 error(s), 0 left on base; Syracuse 2 - Phoenix 0
BOTTOM OF THE 6TH
Phoenix Hotspur U-21 batting - Pitching for Syracuse Storm : RHP Bob Browning
Batting: RHB Bill Erickson 0-0: Called Strike
0-1: Called Strike
0-2: Ball
1-2: Strikes out swinging
Batting: RHB Solomon Norment 0-0: Called Strike
0-1: Ball
1-1: Swinging Strike
1-2: Ball
2-2: Strikes out swinging
Batting: RHB Germán Alfaro 0-0: Called Strike
0-1: Swinging Strike
0-2: Ball
1-2: SINGLE (Flyball, 8RS)
Batting: LHB Roberto Fierro 0-0: Foul Ball, location: 2F
0-1: Foul Ball, location: 2F
0-2: Ball
1-2: Ball
Germán Alfaro steals 2nd base
2-2: Foul Ball, location: 2F
2-2: Fly out, F7 (Flyball, 78M)
Bottom of the 6th over - 0 run(s), 1 hit(s), 0 error(s), 1 left on base; Syracuse 2 - Phoenix 0
TOP OF THE 7TH
Syracuse Storm batting - Pitching for Phoenix Hotspur U-21 : RHP Loeck Visser
Batting: RHB José Costello 0-0: Ball
1-0: Ball
2-0: Called Strike
2-1: Foul Ball, location: 2F
2-2: Ball
3-2: Foul Ball, location: 2F
3-2: Strikes out swinging
Batting: RHB Eduardo Santos 0-0: Ball
1-0: Ball
2-0: Ball
3-0: Base on Balls
Batting: RHB Jim Unknown 0-0: Called Strike
0-1: Fly out, F8 (Flyball, 8RS)
Batting: SHB Lúcio Gonzáles 0-0: Ball
1-0: Ball
2-0: Ball
3-0: Called Strike
3-1: Called Strike
3-2: Fly out, F9 (Line Drive, 9)
Top of the 7th over - 0 run(s), 0 hit(s), 0 error(s), 1 left on base; Syracuse 2 - Phoenix 0
BOTTOM OF THE 7TH
Phoenix Hotspur U-21 batting - Pitching for Syracuse Storm : RHP Bob Browning
Batting: RHB Rubén Andrada 0-0: Ball
1-0: Ball
2-0: Ground out 6-3 (Groundball, 6)
Batting: RHB Hieronymus Bosch 0-0: Foul Ball, location: 2F
0-1: Ball
1-1: Foul Ball, location: 2F
1-2: Strikes out swinging
Batting: RHB Enrico Sánchez 0-0: Swinging Strike
0-1: Called Strike
0-2: Ball
1-2: Fly out, F8 (Line Drive, 8LM)
Bottom of the 7th over - 0 run(s), 0 hit(s), 0 error(s), 0 left on base; Syracuse 2 - Phoenix 0
TOP OF THE 8TH
Syracuse Storm batting - Pitching for Phoenix Hotspur U-21 : RHP Loeck Visser
Batting: LHB King Randell 0-0: SINGLE (Flyball, 8RS)
Batting: RHB Tyrell Wellick 0-0: Sac Bunt - play at first, batter OUT! 5-3
King Randell to second
Batting: RHB Theron Hammond 0-0: Intentional Walk
Pitching: RHP Kenny Kawaguchi
Batting: RHB Phil Sherman 0-0: Foul Ball, location: 2F
0-1: Swinging Strike
0-2: Ball
1-2: Fly out, F6 (Popup, 6MD)
Pinch Hitting: LHB Jim Unknown 0-0: DOUBLE (Line Drive, 8RXD)
King Randell scores
Theron Hammond to third
Runner from 3rd tries for Home, SAFE, no throw
Batting: RHB José Costello 0-0: Swinging Strike
0-1: Ground out 6-3 (Groundball, 6)
Top of the 8th over - 2 run(s), 2 hit(s), 0 error(s), 1 left on base; Syracuse 4 - Phoenix 0
BOTTOM OF THE 8TH
Phoenix Hotspur U-21 batting - Pitching for Syracuse Storm : RHP Bob Browning
Now in CF: Jim Unknown
Batting: LHB Tyler Kinjeketile 0-0: Foul Ball, location: 2F
0-1: Ball
1-1: Foul Ball, location: 2F
1-2: Foul Ball, location: 2F
1-2: Hit by Pitch
Batting: RHB Juan Negrete 0-0: SINGLE (Line Drive, 89S)
Tyler Kinjeketile to second
Batting: RHB Bill Erickson 0-0: Foul Ball, location: 2F
0-1: Called Strike
0-2: Ball
1-2: Strikes out looking
Batting: RHB Solomon Norment 0-0: Foul Ball, location: 2F
0-1: Ball
1-1: Ball
2-1: Foul Ball, location: 2F
2-2: Ball
3-2: SINGLE (Line Drive, 4D)
Tyler Kinjeketile to third
Juan Negrete to second
Runner from 3rd tries for Home, SAFE, no throw
Batting: RHB Germán Alfaro 0-0: SINGLE (Groundball, 34D)
Juan Negrete to third
Solomon Norment to second
Batting: LHB Roberto Fierro 0-0: Called Strike
0-1: Foul Ball, location: 2F
0-2: Ball
1-2: Ball
Wild Pitch!
Juan Negrete scores
Solomon Norment to third
Germán Alfaro to second
2-2: Foul Ball, location: 2F
2-2: Ball
3-2: Foul Ball, location: 2F
3-2: Base on Balls
Pitching: LHP Jim Unknown
Batting: RHB Rubén Andrada 0-0: Ball
1-0: Fly out, F7 (Flyball, 7D)
Runner from 3rd tags up, SCORES, no throw
Batting: RHB Hieronymus Bosch 0-0: Ball
1-0: DOUBLE (Line Drive, 89XD)
Germán Alfaro scores
Roberto Fierro to third
Runner from 3rd tries for Home, SAFE, no throw
Batting: RHB Enrico Sánchez 0-0: Called Strike
0-1: Ball
1-1: Swinging Strike
1-2: Strikes out swinging
Bottom of the 8th over - 5 run(s), 4 hit(s), 0 error(s), 1 left on base; Syracuse 4 - Phoenix 5
TOP OF THE 9TH
Syracuse Storm batting - Pitching for Phoenix Hotspur U-21 : RHP Kenny Kawaguchi
Pitching: RHP Ricardo Sandoval
Now at 1B: Juan Rivera
Now at SS: Juan Román
Now in LF: Bernardo Rivera
Pinch Hitting: RHB Jim Unknown 0-0: Swinging Strike
0-1: Called Strike
0-2: Ball
1-2: Strikes out swinging
Batting: RHB Jim Unknown 0-0: Fly out, F5 (Popup, 56)
Batting: SHB Lúcio Gonzáles 0-0: Ball
1-0: SINGLE (Groundball, 4D)
Batting: LHB King Randell 0-0: Ball
1-0: Swinging Strike
1-1: Ball
2-1: Ground out 1-3 (Groundball, 13)
Top of the 9th over - 0 run(s), 1 hit(s), 0 error(s), 1 left on base; Syracuse 4 - Phoenix 5
Friday, December 30th, 2016 - OOTP Baseball 17.12 Build 75